Map: Cyber Forest LE

Players

Arbee - Winner!

  • Race: Zerg Zerg
  • League: Gold
  • Spawn Location: 11:00

TiPtOP

  • Race: Terran Terran
  • League: Silver
  • Spawn Location: 5:00

VOD

Have the link to the VOD?

Description

Time

  • Played on: Aug. 20, 2019, 12:13 a.m.
  • Length: 15:53
Show
View Real Time Build Order
Export as new Build Order

Arbee Zerg - Winner!

Build Orders: Pool First, Swarm Host 

Get SALT Encoding   

  12  0:02  Drone  
  13  0:12  Overlord  
  13  0:19  Drone  
  14  0:23  Extractor  
  14  0:24  Drone  
  14  0:30  Drone  
  14  0:35  Drone  
  16  0:52  Spawning Pool  
  16  0:54  Drone  
  16  0:59  Drone  
  17  1:27  Hatchery  
  16  1:33  Drone  
  17  1:42  Lair  
  17  1:46  Drone  
  18  1:49  Drone  
  19  2:00  Metabolic Boost  
  19  2:03  Zergling x2  
  19  2:06  Zergling x2  
  21  2:13  Zergling x2  
  22  2:21  Overlord  
  22  2:42  Zergling x6  
  25  2:44  Queen  
  25  2:47  Queen  
  29  3:01  Zergling x4  
  29  3:02  Zergling x4  
  32  3:12  Drone x2  
  34  3:15  Extractor  
  33  3:22  Overlord  
  33  3:30  Drone  
  33  3:47  Drone  
  33  3:48  Drone x3  
  37  4:01  Drone x3  
  40  4:03  Drone  
  40  4:04  Drone x3  
  40  4:06  Overlord  
  44  4:15  Infestation Pit  
  43  4:19  Nydus Network  
  43  4:20  Drone x2  
  44  4:45  Drone x5  
  45  4:46  Drone x3  
  45  4:49  Extractor x2  
  50  4:54  Overlord x2  
  50  4:58  Pneumatized Carapace  
  50  5:04  Drone x2  
  52  5:08  Overlord x2  
  52  5:17  Swarm Host  
  52  5:18  Swarm Host x2  
  60  5:34  Swarm Host  
  60  5:35  Swarm Host x2  
  63  5:38  Overlord x2  
  63  5:40  Zergling x4  
  63  5:41  Zergling x6  
  74  5:51  Evolution Chamber  
  73  5:59  Nydus Canal  
  73  6:01  Hatchery  
  72  6:13  Nydus Canal  
  63  6:50  Swarm Host x6  
  80  6:56  Drone  
  80  6:57  Drone x3  
  80  6:58  Drone  
  83  7:05  Overlord x2  
  83  7:06  Overlord  
  83  7:26  Nydus Canal  
  83  7:34  Drone x4  
  83  7:35  Drone x8  
  95  7:37  Zerg Missile Weapons Level 1  
  95  7:41  Hive  
  95  7:56  Extractor x2, Drone x3  
  95  7:57  Overlord, Drone  
  97  8:12  Nydus Canal  
  97  8:17  Drone x3  
  97  8:18  Drone x3  
  97  8:19  Drone x4  
  107  8:25  Spine Crawler  
  106  8:27  Spine Crawler  
  106  8:28  Spine Crawler  
  106  8:30  Spine Crawler  
  103  8:41  Spire  
  102  8:55  Spine Crawler  
  101  8:58  Spine Crawler  
  101  8:59  Spine Crawler  
  99  9:17  Roach Warren  
  98  9:25  Drone x3  
  98  9:29  Queen  
  98  9:31  Spine Crawler, Drone x2  
  104  9:35  Spine Crawler  
  103  9:39  Overlord x2  
  103  9:40  Overlord  
  103  9:47  Nydus Canal  
  103  10:04  Spore Crawler  
  103  10:05  Spore Crawler  
  101  10:16  Spore Crawler  
  101  10:17  Spore Crawler  
  101  10:20  Spore Crawler  
  101  10:21  Spore Crawler  
  97  10:35  Drone x5  
  101  10:37  Zerg Missile Weapons Level 2  
  102  10:49  Spore Crawler  
  101  10:52  Glial Reconstitution  
  101  10:58  Spine Crawler  
  100  11:06  Spore Crawler, Nydus Canal  
  99  11:18  Overlord x3  
  99  11:23  Greater Spire  
  99  11:56  Nydus Canal  
  99  12:04  Swarm Host  
  99  12:05  Swarm Host x21  
  99  12:06  Swarm Host x7  
  99  12:08  Overlord x3  
  186  12:10  Nydus Canal  
  186  12:11  Tunneling Claws  
  186  12:33  Hatchery  
  186  12:36  Hatchery  
  184  12:53  Zerg Ground Armor Level 1  
  184  13:51  Nydus Canal  
  184  13:53  Extractor  
  183  13:58  Extractor  
  182  14:23  Drone x3  
  182  14:24  Drone x3  
  188  14:46  Nydus Canal  
  188  15:10  Nydus Canal  
  192  15:49  Nydus Canal  
Show
View Real Time Build Order
Export as new Build Order

TiPtOP Terran 

Build Orders: Mech 

Get SALT Encoding   

  12  0:01  SCV  
  13  0:13  SCV  
  14  0:18  Supply Depot  
  14  0:25  SCV  
  15  0:40  SCV  
  16  0:44  Barracks  
  16  0:47  Refinery  
  16  0:52  SCV  
  17  1:08  SCV  
  18  1:18  Supply Depot  
  18  1:22  SCV  
  19  1:31  Marine  
  20  1:36  Orbital Command  
  20  1:58  Command Center  
  20  2:02  SCV  
  21  2:25  Marine  
  22  2:30  Bunker, SCV  
  23  2:38  Factory  
  23  2:47  SCV  
  24  2:59  SCV  
  25  3:13  SCV, Supply Depot  
  25  3:16  Orbital Command  
  25  3:19  Marine  
  27  3:23  Factory Tech Lab  
  27  3:25  SCV  
  28  3:29  Refinery  
  28  3:36  Marine  
  28  3:37  SCV  
  28  3:44  Bunker  
  29  3:48  Siege Tank  
  29  3:50  SCV  
  30  4:04  SCV  
  31  4:16  SCV, Barracks Reactor  
  32  4:29  SCV  
  33  4:37  Siege Tank, Factory  
  36  4:39  Factory, Engineering Bay  
  36  4:41  SCV  
  37  4:53  SCV  
  37  4:55  Marine x2  
  40  5:05  SCV  
  41  5:07  Supply Depot  
  41  5:08  Supply Depot  
  41  5:09  Orbital Command  
  41  5:10  Siege Tank  
  44  5:39  SCV x2  
  46  5:51  SCV x2  
  46  5:52  Factory Tech Lab  
  46  5:53  Factory Reactor  
  48  6:11  Refinery  
  48  6:13  Refinery  
  48  6:16  Bunker  
  48  6:20  Orbital Command  
  48  6:29  Armory  
  48  6:30  Armory  
  23  6:57  Hellion x2  
  23  6:58  Widow Mine  
  23  6:59  Siege Tank  
  28  7:16  SCV  
  28  7:18  Hellion  
  28  7:20  Widow Mine  
  31  7:31  Siege Tank  
  33  8:03  Hellion x4  
  41  8:06  Orbital Command  
  39  8:17  Smart Servos  
  39  8:22  Marine x2  
  39  8:24  Hellion x3  
  39  8:25  Hellbat  
  49  8:28  SCV  
  49  8:30  Hellion x7  
  50  8:40  Marine x2  
  52  8:45  Hellbat  
  52  8:46  Hellbat  
  56  8:58  Marine  
  57  9:03  SCV x2  
  56  9:11  Hellion x6  
  56  9:15  SCV x2  
  58  9:42  SCV  
  59  9:47  Terran Vehicle Weapons Level 1  
  59  9:54  SCV  
  60  10:07  SCV  
  59  10:23  SCV x2  
  51  10:35  SCV x2  
  49  10:47  SCV  
  50  10:51  Factory  
  50  10:55  Factory  
  50  10:56  Hellion x3  
  50  11:02  SCV x2  
  50  11:03  Missile Turret  
  52  11:14  SCV x2  
  54  11:23  Missile Turret  
  48  11:40  Hellion  
  48  11:41  Infernal Pre-Igniter  
  48  11:43  Hellion x2  
  48  11:45  Missile Turret  
  43  12:02  Command Center, Hellion  
  43  12:04  Hellion  
  47  12:26  Hellion x5  
  47  12:39  SCV  
  47  12:40  SCV  
  49  12:52  SCV x2  
  51  13:04  SCV x2  
  53  13:28  SCV x2  
  55  13:34  Factory  
  55  13:36  Factory  
  55  13:37  Factory  
  55  13:40  SCV x2  
  57  13:52  SCV  
  25  15:24  Factory Reactor  
  25  15:26  Factory Reactor  
  12  15:51  Factory Reactor  
Tags
 
Add a new tag
Caveats
  • Supply blocks, unpowered buildings, or Contaminate may cause inaccurate times.
  • Supply counts are checked every 10 seconds.